 Dungeon Crawl Stone Soup version 0.32-a0-350-g4f4d228785 (webtiles) character file.

Game seed: 13285802713105081752

17291 CougarLife the Geomancer (level 12, 0/59 HPs)
             Began as a Gargoyle Earth Elementalist on Feb 18, 2024.
             Was a Believer of Vehumet.
             Slain by a queen bee (5 damage)
             ... on level 9 of the Dungeon.
             The game lasted 00:19:36 (12130 turns).

CougarLife the Geomancer (GrEE)                    Turns: 12130, Time: 00:19:36

Health: 0/59       AC: 17    Str: 12    XL:     12   Next: 46%
Magic:  21/27      EV: 12    Int: 31    God:    Vehumet [**....]
Gold:   720        SH:  0    Dex: 14    Spells: 29/33 levels left

rFire   . . .        H - +0 short sword of the New World {holy, Int+4 Dex+4}
rCold   . . .        (no shield)
rNeg    + . .        C - +0 steam dragon scales
rPois   ∞            r - +0 helmet
rElec   +            a - +2 cloak {rPois}
rCorr   .            (no gloves)
SInv    .            (no boots)
Will    +....        l - amulet of regeneration
Stlth   ++           N - ring of willpower
HPRegen 1.09/turn    u - +6 ring of intelligence
MPRegen 0.20/turn

%: no passive effects
@: no status effects
A: sickness immunity, AC +8, negative energy resistance 1, electricity
resistance, torment resistance 1, petrification resistance
a: Renounce Religion


You were on level 9 of the Dungeon.
You worshipped Vehumet.
Vehumet was pleased with you.
You visited 3 branches of the dungeon, and saw 13 of its levels.
You also visited: Bailey.

You collected 720 gold pieces.

Inventory:

Hand Weapons
 H - the +0 short sword of the New World (weapon) {holy, Int+4 Dex+4}
   (You found it on level 8 of the Dungeon)

   Int+4:     It affects your intelligence (+4).
   Dex+4:     It affects your dexterity (+4).
Missiles
 y - 2 throwing nets
Armour
 a - a +2 cloak of poison resistance (worn)
 j - a +0 hat of willpower
 r - a +0 helmet (worn)
 C - +0 steam dragon scales (worn)
Magical Staves
 K - the staff of Zumu {+Blink rN+ Necro}
   (You found it in a bailey)

   [staff of death]

   Base accuracy: +5 Base damage: 5 Base attack delay: 1.2 This weapon's minimum
   attack delay (0.6) is reached at skill level 12.
   rN+:       It protects you from negative energy.
   +Blink:    It lets you blink.
   Necro:     It increases the power of your Necromancy spells.
   It falls into the 'Staves' category.
   It is a one-handed weapon.
Jewellery
 l - an amulet of regeneration (around neck)
 u - a +6 ring of intelligence (right hand)
 A - a ring of protection from cold
 F - an amulet of the acrobat
 N - a ring of willpower (left hand)
 P - a +5 ring of evasion
Wands
 n - a wand of flame (23)
 w - a wand of polymorph (7)
 B - a wand of light (10)
 D - a wand of mindburst (10)
 G - a wand of charming (13)
 Q - a wand of digging (5)
Scrolls
 d - 3 scrolls of vulnerability
 e - 2 scrolls of fog {unknown}
 k - 8 scrolls of teleportation
 m - a scroll of revelation
 s - 3 scrolls of enchant weapon
 t - 4 scrolls of poison
 E - 2 scrolls of brand weapon {unknown}
 I - a scroll of blinking {unknown}
 J - a scroll of enchant armour {unknown}
 O - a scroll of amnesia {unknown}
 R - 2 scrolls of identify
Potions
 b - a potion of magic
 c - a potion of resistance {unknown}
 f - 5 potions of berserk rage
 g - 3 potions of heal wounds
 h - 4 potions of curing {unknown}
 i - 2 potions of lignification {unknown}
 o - a potion of ambrosia
 p - 2 potions of mutation {unknown}
 q - 3 potions of degeneration {unknown}
 v - a potion of invisibility {unknown}
 x - 3 potions of brilliance {unknown}
 z - a potion of might {unknown}
 L - a potion of attraction {unknown}
 M - a potion of haste {unknown}


   Skills:
 - Level 1.5 Dodging
 - Level 2.1 Stealth
 + Level 11.1 Spellcasting
 + Level 12.7 Conjurations
 + Level 14.1 Earth Magic


You had 29 spell levels left.
You knew the following spells:

 Your Spells              Type           Power      Damage    Failure   Level
a - Sandblast             Erth           100%       2d20      0%          1
b - Stone Arrow           Conj/Erth      100%       3d13      1%          3

Your spell library contained the following spells:

 Spells                   Type           Power      Damage    Failure   Level
 Shock                    Conj/Air       100%       1d9       1%          1
 Magic Dart               Conj           100%       1d8       0%          1
 Sting                    Conj/Alch      100%       1d9       1%          1
 Passwall                 Erth           81%        N/A       1%          3
 Brom's Barrelling Bould  Conj/Erth      79%        2d9       1%          4
 Petrify                  Alch/Erth      57%        N/A       1%          4
 Fulminant Prism          Conj/Alch      27%        3d13      2%          4
 Iskenderun's Mystic Bla  Conj/Tloc      54%        2d12      2%          4
 Slow                     Hex            68%        N/A       3%          1
 Blink                    Tloc           34%        N/A       4%          2
 Call Imp                 Summ           34%        N/A       4%          2
 Mercury Vapours          Alch/Air       34%        N/A       4%          2
 Confusing Touch          Hex            17%        N/A       9%          3
 Sigil of Binding         Hex            17%        N/A       9%          3
 Vampiric Draining        Necr           17%        2d7       9%          3
 Volatile Blastmotes      Fire/Tloc      34%        2d12      9%          3
 Olgreb's Toxic Radiance  Alch           17%        N/A       28%         4
 Malign Gateway           Summ/Tloc      8%         N/A       100%        7
 Summon Horrible Things   Summ           8%         N/A       100%        8


Dungeon Overview and Level Annotations

Branches:
Dungeon (11/15)            Temple (1/1) D:6            Lair (1/5) D:9
    Orc (0/2) D:9          Bailey (visited)

Altars:
Ashenzari
Cheibriados
Dithmenos
Elyvilon
Fedhas
Gozag
Hepliaklqana
Kikubaaqudgha
Makhleb
Nemelex Xobeh
Okawaru
Qazlal
Ru
Sif Muna
Trog
Uskayaw
Vehumet
Wu Jian
Xom
Yredelemnul
Zin
The Shining One
Lugonu

Shops:
D:1 [   D:6 =*(   D:8 [:

Annotations:
D:9 2 transporters, 3 runed translucent doors, Scrimshaw's ghost, novice GnHW; SmokeWeed's ghost, journeyman SpEn; zeratav's ghost, novice OpSh


Innate Abilities, Weirdness & Mutations

You are immune to sickness and miasma.
Your stone body is resilient. (AC +8)
You are immune to poison.
You resist negative energy. (rN+)
You are resistant to electric shocks. (rElec)
You are resistant to unholy torment.
You are immune to petrification.


Message History

The killer bee stings you but does no damage.
Casting: Sandblast (safe; 0% risk of failure)
Confirm with . or Enter, or press ? or * to list all spells.
Aiming: Sandblast (safe; 0% risk of failure)
Press: ? - help, Shift-Dir - straight line, f/p - killer bee
Aim: a killer bee (berserk, 70% to hit)
The blast of sand misses the killer bee.
The killer bee barely misses you. The killer bee stings you.
The killer bee stings you but does no damage.
The killer bee closely misses you.
The killer bee stings you but does no damage.
The killer bee stings you! x2; The queen bee barely misses you.
The killer bee barely misses you. The queen bee stings you!
* * * LOW HITPOINT WARNING * * *
The killer bee stings you but does no damage.
Casting: Sandblast (safe; 0% risk of failure)
Confirm with . or Enter, or press ? or * to list all spells.
Aiming: Sandblast (safe; 0% risk of failure)
Press: ? - help, Shift-Dir - straight line, f/p - killer bee
Aim: a killer bee (berserk, 70% to hit)
The blast of sand hits the killer bee!!
The killer bee is almost dead.
The killer bee barely misses you. x2
The killer bee stings you but does no damage. x5
The killer bee closely misses you. The queen bee stings you!
* * * LOW HITPOINT WARNING * * *
The killer bee closely misses you.
Casting: Sandblast (safe; 0% risk of failure)
Confirm with . or Enter, or press ? or * to list all spells.
Aiming: Sandblast (safe; 0% risk of failure)
Press: ? - help, Shift-Dir - straight line, f/p - killer bee
Aim: a killer bee (almost dead, berserk, 70% to hit)
The blast of sand hits the killer bee!!
You kill the killer bee!
Vehumet accepts your kill.
You feel your power returning. The killer bee stings you.
* * * LOW HITPOINT WARNING * * *
The killer bee stings you but does no damage.
The killer bee barely misses you. The queen bee stings you.
You die...

#.....>...# #....# ##..ß)
#####[[..## #.######ß....
##..#### ##'#####).....
#......#######.....##♣.....
#.....#...≈...#.(..##⌠.W...
#.......#...#......#*♣WW...
#......##P..##.....#####+++
#....#...††y...#...'.......
#....#≈...@y..≈#...###.....
#....#...PPPP..#...# ####.#
####...##...##.....# #..
#....#...#....### ###
#..#...≈...#..#
#...#######...# #.### ##.##
#### #.# ###.#### #..# #.#
#......#####..#


You could see a queen bee and a killer bee (berserk).

Vanquished Creatures
  A centaur warrior (D:11)
  3 two-headed ogres
  An orc knight (Bailey)
  A deep elf zephyrmancer (Bailey)
  A manticore (D:11)
  An unseen horror (D:9)
  A gargoyle (D:11)
  2 trolls
  Grinder (D:3)
  A wraith (D:10)
  29 yaks
  3 steam dragons
  Grum (D:6)
  Edmund (D:5)
  5 water moccasins
  An acid dragon (D:6)
  2 black bears (D:7)
  13 orc warriors
  A sky beast (D:8)
  2 wolves (D:6)
  5 centaurs
  An ogre (D:7)
  3 phantoms
  3 kobold brigands
  4 bullfrogs
  4 gnoll sergeants
  2 scorpions
  A water moccasin zombie (D:5)
  10 wights
  29 killer bees
  3 howler monkeys (D:7)
  3 jellies
  4 bullfrog zombies (D:5)
  14 hounds
  A bombardier beetle (D:5)
  A human zombie (D:5)
  6 orc priests
  Crazy Yiuf (D:3)
  2 gnoll boudas (D:6)
  A sleepcap (D:4)
  Terence (D:3)
  5 iguanas
  10 orc wizards
  A howler monkey zombie (D:5)
  Robin (D:3)
  24 gnolls
  2 adders
  2 shadow imps
  2 white imps
  2 adder zombies (D:5)
  2 dart slugs
  6 ribbon worms
  52 orcs
  6 ball pythons
  2 endoplasms
  4 giant cockroaches
  18 goblins
  5 hobgoblins
  7 jackals
  3 quokkas
  4 bats
  3 frilled lizards
  25 kobolds
  6 rats
362 creatures vanquished.

Notes
Turn   | Place    | Note
-------+----------+-------------------------------------------
     0 | D:1      | CougarLife the Gargoyle Earth Elementalist began the quest
                  | for the Orb.
     0 | D:1      | Reached XP level 1. HP: 10/10 MP: 3/3
    93 | D:1      | Found Aplyikh's Antique Armour Shop.
   121 | D:1      | Reached XP level 2. HP: 15/15 MP: 3/5
   144 | D:1      | Found a faded altar of an unknown god.
   180 | D:1      | Reached skill level 4 in Earth Magic
   305 | D:1      | Reached XP level 3. HP: 19/19 MP: 1/6
  1182 | D:2      | Reached XP level 4. HP: 24/24 MP: 6/8
  1186 | D:2      | Learned a level 3 spell: Stone Arrow
  1965 | D:3      | Reached XP level 5. HP: 28/28 MP: 7/9
  2040 | D:3      | Found a hazy altar of Hepliaklqana.
  2111 | D:3      | Noticed Grinder
  2117 | D:3      | Paralysed by Grinder for 2 turns
  2120 | D:3      | Killed Grinder
  2121 | D:3      | Reached skill level 5 in Earth Magic
  2121 | D:3      | Reached XP level 6. HP: 27/32 MP: 2/11
  2443 | D:3      | Noticed Robin
  2448 | D:3      | Killed Robin
  2814 | D:3      | Noticed Terence
  2818 | D:3      | Killed Terence
  2926 | D:3      | Found a runed translucent door.
  2927 | D:3      | Noticed Crazy Yiuf
  2932 | D:3      | Killed Crazy Yiuf
  2933 | D:3      | Reached skill level 6 in Earth Magic
  2933 | D:3      | Reached XP level 7. HP: 36/36 MP: 6/13
  3186 | D:4      | Found an ornate altar of the Wu Jian Council.
  3266 | D:4      | Found a stormy altar of Qazlal.
  3381 | D:4      | Reached skill level 5 in Conjurations
  3440 | D:4      | Found a shimmering blue altar of Sif Muna.
  3512 | D:5      | Entered Level 5 of the Dungeon
  3761 | D:5      | Reached skill level 5 in Spellcasting
  3761 | D:5      | Reached skill level 7 in Earth Magic
  3761 | D:5      | Reached XP level 8. HP: 41/41 MP: 12/15
  3831 | D:5      | Noticed Edmund
  3848 | D:5      | Killed Edmund
  4126 | D:5      | Identified the +0 kite shield "Iwesatt" {Str+3 Slay+2}
  4447 | D:5      | Found an ancient bone altar of Kikubaaqudgha.
  4509 | D:5      | Reached skill level 8 in Earth Magic
  4944 | D:6      | Reached XP level 9. HP: 45/45 MP: 12/18
  5002 | D:6      | Found Vafoloenk's Weapon Shoppe.
  5088 | D:6      | Reached skill level 9 in Earth Magic
  5334 | D:6      | Reached skill level 10 in Earth Magic
  5401 | D:6      | Found a staircase to the Ecumenical Temple.
  5412 | Temple   | Entered the Ecumenical Temple
  5431 | D:6      | Found Xikes's Assorted Antiques.
  5458 | D:6      | Reached XP level 10. HP: 50/50 MP: 12/21
  5772 | D:6      | Found Qutzoest's Jewellery Shoppe.
  6003 | D:6      | Noticed Grum
  6006 | D:6      | Killed Grum
  6356 | D:7      | Found a hide-covered altar of Uskayaw.
  6578 | D:7      | Reached skill level 11 in Earth Magic
  7021 | D:7      | Noticed a moth of wrath
  7025 | D:7      | Found a bloodstained altar of Trog.
  7230 | D:8      | Found a burning altar of Makhleb.
  7230 | D:8      | Found a sparkling altar of Nemelex Xobeh.
  7231 | D:8      | Found a glowing silver altar of Zin.
  7243 | D:8      | Reached skill level 10 in Conjurations
  7456 | D:8      | Identified the +0 short sword of the New World {holy, Int+4
                  | Dex+4}
  7564 | D:8      | Found an iron altar of Okawaru.
  7606 | D:8      | Found Tuwkes's Book Emporium.
  7799 | D:8      | Found a broken altar of Ashenzari.
  7848 | D:8      | Found Qoaff's Armour Emporium.
  7885 | D:8      | Reached XP level 11. HP: 45/54 MP: 19/24
  8086 | D:8      | Reached skill level 12 in Earth Magic
  8421 | D:9      | Found a flagged portal.
  8474 | Bailey   | Entered a bailey
  8912 | Bailey   | Noticed an orc knight
  8931 | Bailey   | HP: 2/54 [orc knight/+0 glaive (9)]
  8932 | Bailey   | Killed an orc knight
  9117 | Bailey   | Found a large runed translucent door.
  9117 | Bailey   | Found a large runed translucent door.
  9118 | Bailey   | Noticed a deep elf zephyrmancer
  9157 | Bailey   | Killed a deep elf zephyrmancer
  9241 | Bailey   | Identified the staff of Zumu {+Blink rN+ Necro}
  9320 | D:9      | Found a transporter.
  9445 | D:9      | Found a runed translucent gate.
  9447 | D:9      | Found a runed translucent gate.
  9448 | D:9      | Found a runed translucent gate.
  9451 | D:9      | Found a radiant altar of Vehumet.
  9466 | D:9      | Became a worshipper of Vehumet
  9481 | D:9      | Noticed Scrimshaw's ghost (novice GnHW)
  9481 | D:9      | Noticed SmokeWeed's ghost (journeyman SpEn)
  9481 | D:9      | Noticed zeratav's ghost (novice OpSh)
  9493 | D:9      | Found a staircase to the Lair.
  9920 | D:9      | Reached skill level 10 in Spellcasting
  9997 | D:9      | Reached skill level 13 in Earth Magic
 10056 | D:9      | Reached * piety under Vehumet
 10056 | D:9      | Offered knowledge of Foxfire by Vehumet.
 10250 | D:9      | Found a staircase to the Orcish Mines.
 10347 | D:9      | Found a transporter.
 10546 | D:10     | Entered Level 10 of the Dungeon
 10674 | D:10     | Noticed a two-headed ogre
 10822 | D:10     | Reached XP level 12. HP: 59/59 MP: 24/26
 11065 | D:10     | Killed a two-headed ogre
 11065 | D:10     | Reached ** piety under Vehumet
 11065 | D:10     | Offered knowledge of Shock by Vehumet.
 11126 | D:10     | Found a basalt altar of Yredelemnul.
 11442 | D:11     | Noticed a two-headed ogre
 11449 | D:11     | Killed a two-headed ogre
 11517 | D:11     | Noticed a centaur warrior
 11525 | D:11     | Killed a centaur warrior
 11589 | D:11     | Reached skill level 14 in Earth Magic
 11844 | D:11     | Noticed a two-headed ogre
 11847 | D:11     | Killed a two-headed ogre
 11918 | D:11     | Found an ornate altar of the Wu Jian Council.
 12062 | Lair:1   | Entered Level 1 of the Lair of Beasts
 12130 | D:9      | Slain by a queen bee

Illustrated notes

Levels and vault maps discovered:
D:1:      onia_arrival_mini_spirals, layout_loops_ring, serial_shops, shop,
          ebering_ecumenical_altar_petrified
D:2:      layout_rooms, serial_rivers, chequers_serial_rivers_micro_d,
          chequers_serial_rivers_small_b, chequers_serial_rivers_marsh,
          chequers_serial_rivers_large_a, chequers_serial_rivers_micro_a,
          chequers_serial_rivers_small_a
D:3:      layout_basic, mainiacjoe_overflow_boulevard,
          kennysheep_generic_room_13, uniq_crazy_yiuf_cottage, uniq_robin,
          uniq_terence, uniq_grinder
D:4:      layout_gridville, overflow_temple_1_default,
          mainiacjoe_overflow_catch_the_wave, ebering_dispersal_statue_hall
D:5:      wander_river, layout_loops_ring, lemuel_mausoleum_altar_kikubaaqudgha,
          serial_bayou, serial_bayou_ford_a, serial_bayou_pond_b,
          serial_bayou_crossing, uniq_edmund
D:6:      layout_cave_pools, temple_fountains, serial_shops,
          kennysheep_mini_moat, nicolae_shop_tiny_waterfront, serial_gnoll_camp,
          gnoll_camp_mini_doghouse, gnoll_camp_huts_basic,
          gnoll_camp_mini_basic, grums_kennel, gnoll_camp_mini_basic,
          gnoll_camp_mini_shop
D:7:      layout_loops_ring, tgw_trog, mainiacjoe_overflow_alcove_4,
          grunt_ministairs_10, nicolae_underground_beach
D:8:      layout_gridville, mainiacjoe_overflow_small_starburst,
          old_standard_altar, chequers_temple_overflow_statue_of_worship,
          serial_shops, shop, nicolae_shop_advertising_works
          [nicolae_subvault_shop_adworks], minmay_misc_feat_ornament
D:9:      layout_roguey, nicolae_vehumet_altar_sigil, dpeg_oklobed_lair,
          david_orc_4, enter_bailey_6, gammafunk_ghost_cemetery,
          nicolae_diode_stairs
D:10:     layout_rooms, mainiacjoe_overflow_tiny_flanked, minmay_curled_crystal
D:11:     layout_rooms, nzn_wu_jian_council_hall
Temple:   corrupted_temple
Lair:1:   layout_roguey, ebering_ghost_xom, special_room [special_room_bee],
          grunt_forest_small_clearings

Skill      XL: |  1  2  3  4  5  6  7  8  9 10 11 12 |
---------------+-------------------------------------+-----
Earth Magic    | 4 5 6 7 8 10 11 13 14 | 14.1
Conjurations   | 2 4 5 7 8 10 11 12 | 12.7
Spellcasting   | 3 4 5 6 7 9 10 11 | 11.1
Dodging        | |  1.5
Stealth        | |  2.1

Action                     |  1- 3 |  4- 6 |  7- 9 | 10-12 || total
---------------------------+-------+-------+-------+-------++-------
  Melee: Unarmed           |     1 |       |       |       ||     1
         Dagger            |    15 |     5 |    25 |     1 ||    46
         Short sword       |       |       |       |    23 ||    23
   Cast: Sandblast         |    35 |    65 |   184 |   352 ||   636
         Stone Arrow       |       |     4 |    11 |    79 ||    94
    Use: Scroll            |       |       |       |     8 ||     8
   Stab: Sleeping          |     1 |       |       |       ||     1
 Armour: Robe              |    33 |    13 |       |       ||    46
         Animal skin       |       |     1 |   111 |    60 ||   172
         Steam dragon scal |       |       |       |   346 ||   346
  Dodge: Dodged            |    25 |    14 |    53 |   303 ||   395

Table legend: (Time is in decaauts)
 A = Elapsed time spent in this place.
 B = Non-inter-level travel time spent in this place.
 C = Inter-level travel time spent in this place.
 D = Time resting spent in this place.
 E = Time spent auto-exploring this place.
 F = Levels seen in this place.
 G = Mean time per level.
                   A        B        C        D        E       F      G
               +--------+--------+--------+--------+--------+-----+--------+
         Total |  12509 |  12154 |    355 |   1999 |   7546 |  14 |  893.5 |
       Dungeon |  11667 |  11313 |    354 |   1471 |   7546 |  11 | 1060.6 |
        Temple |     17 |     17 |      0 |      0 |      0 |   1 |   17.0 |
          Lair |     10 |     10 |      0 |      0 |      0 |   1 |   10.0 |
        Bailey |    813 |    813 |      0 |    528 |      0 |   1 |  813.0 |
               +--------+--------+--------+--------+--------+-----+--------+

Top non-repeatable levels by time:
     D:9: 1645 daAuts
     D:5: 1411 daAuts
     D:6: 1354 daAuts
     D:3: 1220 daAuts
     D:8: 1161 daAuts
     D:7: 1006 daAuts
     D:2: 942 daAuts
     D:1: 925 daAuts
  Bailey: 813 daAuts
    D:10: 758 daAuts
    D:11: 664 daAuts
     D:4: 577 daAuts
  Temple: 17 daAuts
  Lair:1: 10 daAuts
